2560 views
Uploaded 2022-04-15 16:51:20
Game version 1.32.6 / 1.32.7
94:13 long 4on4 ladder game on (8)NerubianPassage
Saved by GIGA
2560 views
Uploaded 2022-04-15 16:51:20
Game version 1.32.6 / 1.32.7
94:13 long 4on4 ladder game on (8)NerubianPassage


168 units @ 16.6k
/ 3.3k
344 buildings @ 23.4k
/ 10.8k
Jgraham2
(30)
(93:50) : 

| Peasant | 25 | 1875 | / | 0 |
| total: | 25 | 1875g | / | 0w |
| Scout Tower | 175 | 5250 | / | 3500 |
| Arcane Tower | 1 | 70 | / | 50 |
| Guard Tower | 70 | 4900 | / | 3500 |
| Altar of Kings | 3 | 540 | / | 150 |
| Farm | 10 | 800 | / | 200 |
| Lumber Mill | 3 | 360 | / | 0 |
| Town Hall | 4 | 1540 | / | 820 |
| Keep | 2 | 640 | / | 420 |
| Castle | 1 | 360 | / | 210 |
| total: | 195 | 8490g | / | 4670w |
| 0:10 | Altar of Kings |
| 0:11 | Peasant |
| 0:11 | Peasant |
| 0:11 | Peasant |
| 0:11 | Peasant |
| 0:18 | Peasant |
| 0:28 | Farm |
| 0:29 | Farm |
| 0:29 | Farm |
| 0:43 | Peasant |
| 0:44 | Peasant |
| 0:53 | Peasant |
| 1:03 | Scout Tower |
| 1:26 | Peasant |
| 1:26 | Peasant |
| 1:40 | Lumber Mill |
| 1:48 | Arcane Tower |
| 1:59 | Farm |
| 2:27 | Storm Bolt |
| 2:29 | Peasant |
| 2:31 | Peasant |
| 2:36 | Scout Tower |
| 2:36 | Scout Tower |
| 2:37 | Scout Tower |
| 2:37 | Scout Tower |
| 3:04 | Scout Tower |
| 3:24 | Scout Tower |
| 3:27 | Scout Tower |
| 3:46 | Guard Tower |
| 3:49 | Guard Tower |
| 3:50 | Guard Tower |
| 4:04 | Guard Tower |
| 4:08 | Scout Tower |
| 4:10 | Scout Tower |
| 4:21 | Improved Masonry |
| 4:23 | Guard Tower |
| 4:24 | Guard Tower |
| 4:29 | Peasant |
| 4:29 | Peasant |
| 4:29 | Peasant |
| 4:37 | Guard Tower |
| 4:48 | Scout Tower |
| 4:48 | Scout Tower |
| 5:16 | Keep |
| 5:19 | Guard Tower |
| 6:16 | Scout Tower |
| 6:16 | Scout Tower |
| 6:17 | Scout Tower |
| 6:18 | Scout Tower |
| 6:19 | Scout Tower |
| 6:37 | Scout Tower |
| 6:38 | Scout Tower |
| 6:38 | Scout Tower |
| 6:39 | Scout Tower |
| 6:41 | Scout Tower |
| 6:42 | Scout Tower |
| 6:43 | Scout Tower |
| 7:06 | Guard Tower |
| 7:34 | Guard Tower |
| 7:37 | Guard Tower |
| 7:40 | Advanced Masonry |
| 7:41 | Improved Lumber Harvesting |
| 8:03 | Guard Tower |
| 8:28 | Guard Tower |
| 8:31 | Scout Tower |
| 8:32 | Scout Tower |
| 8:33 | Scout Tower |
| 8:34 | Scout Tower |
| 8:56 | Holy Light |
| 9:05 | Scout Tower |
| 9:07 | Guard Tower |
| 9:12 | Scout Tower |
| 9:13 | Scout Tower |
| 9:14 | Scout Tower |
| 9:14 | Scout Tower |
| 9:15 | Scout Tower |
| 9:27 | Scout Tower |
| 9:28 | Scout Tower |
| 9:32 | Scout Tower |
| 9:35 | Scout Tower |
| 9:48 | Guard Tower |
| 10:06 | Guard Tower |
| 10:12 | Guard Tower |
| 10:25 | Guard Tower |
| 10:31 | Lumber Mill |
| 10:36 | Altar of Kings |
| 10:59 | Castle |
| 11:22 | Guard Tower |
| 11:33 | Scout Tower |
| 11:34 | Scout Tower |
| 11:34 | Scout Tower |
| 11:35 | Scout Tower |
| 11:36 | Scout Tower |
| 11:36 | Scout Tower |
| 12:09 | Guard Tower |
| 12:15 | Scout Tower |
| 12:36 | Guard Tower |
| 12:46 | Scout Tower |
| 12:47 | Scout Tower |
| 12:47 | Scout Tower |
| 13:19 | Imbued Masonry |
| 13:20 | Advanced Lumber Harvesting |
| 13:33 | Town Hall |
| 13:40 | Guard Tower |
| 13:43 | Guard Tower |
| 14:19 | Guard Tower |
| 14:42 | Scout Tower |
| 14:42 | Scout Tower |
| 15:23 | Guard Tower |
| 15:33 | Scout Tower |
| 15:34 | Scout Tower |
| 15:35 | Scout Tower |
| 15:35 | Scout Tower |
| 15:37 | Scout Tower |
| 15:37 | Scout Tower |
| 15:48 | Scout Tower |
| 15:48 | Scout Tower |
| 15:51 | Scout Tower |
| 15:51 | Scout Tower |
| 15:52 | Scout Tower |
| 15:52 | Scout Tower |
| 16:31 | Guard Tower |
| 16:55 | Guard Tower |
| 17:07 | Guard Tower |
| 17:40 | Guard Tower |
| 17:50 | Lumber Mill |
| 18:57 | Farm |
| 18:57 | Farm |
| 19:22 | Town Hall |
| 19:35 | Farm |
| 20:13 | Scout Tower |
| 20:13 | Scout Tower |
| 21:20 | Guard Tower |
| 21:25 | Scout Tower |
| 21:29 | Scout Tower |
| 21:54 | Scout Tower |
| 21:54 | Scout Tower |
| 21:55 | Scout Tower |
| 21:56 | Scout Tower |
| 21:57 | Scout Tower |
| 21:57 | Scout Tower |
| 22:03 | Scout Tower |
| 22:03 | Scout Tower |
| 22:03 | Scout Tower |
| 22:04 | Scout Tower |
| 22:05 | Scout Tower |
| 22:05 | Scout Tower |
| 23:04 | Guard Tower |
| 23:09 | Scout Tower |
| 23:10 | Scout Tower |
| 23:12 | Scout Tower |
| 23:12 | Scout Tower |
| 23:16 | Guard Tower |
| 23:34 | Guard Tower |
| 23:42 | Peasant |
| 23:42 | Peasant |
| 24:08 | Guard Tower |
| 24:47 | Guard Tower |
| 24:52 | Scout Tower |
| 24:53 | Scout Tower |
| 24:54 | Scout Tower |
| 24:55 | Scout Tower |
| 24:55 | Scout Tower |
| 24:56 | Scout Tower |
| 26:32 | Peasant |
| 28:05 | Scout Tower |
| 28:21 | Scout Tower |
| 28:24 | Scout Tower |
| 28:24 | Scout Tower |
| 28:41 | Guard Tower |
| 29:59 | Guard Tower |
| 30:15 | Keep |
| 30:44 | Scout Tower |
| 30:44 | Scout Tower |
| 31:21 | Guard Tower |
| 31:28 | Scout Tower |
| 31:28 | Scout Tower |
| 31:29 | Scout Tower |
| 32:14 | Town Hall |
| 32:37 | Guard Tower |
| 32:39 | Peasant |
| 32:40 | Peasant |
| 32:40 | Peasant |
| 32:40 | Peasant |
| 32:53 | Town Hall |
| 33:02 | Guard Tower |
| 33:34 | Scout Tower |
| 33:34 | Scout Tower |
| 33:35 | Scout Tower |
| 33:35 | Scout Tower |
| 33:36 | Scout Tower |
| 33:37 | Scout Tower |
| 33:52 | Guard Tower |
| 35:54 | Peasant |
| 35:55 | Peasant |
| 35:55 | Peasant |
| 37:12 | Scout Tower |
| 37:13 | Scout Tower |
| 37:14 | Scout Tower |
| 37:14 | Scout Tower |
| 37:55 | Scout Tower |
| 37:55 | Scout Tower |
| 37:56 | Scout Tower |
| 37:57 | Scout Tower |
| 38:13 | Guard Tower |
| 38:23 | Scout Tower |
| 38:35 | Guard Tower |
| 38:39 | Scout Tower |
| 39:13 | Guard Tower |
| 39:23 | Scout Tower |
| 39:24 | Scout Tower |
| 39:25 | Scout Tower |
| 39:25 | Scout Tower |
| 39:26 | Scout Tower |
| 39:28 | Guard Tower |
| 40:31 | Guard Tower |
| 40:47 | Scout Tower |
| 40:47 | Scout Tower |
| 40:48 | Scout Tower |
| 41:16 | Guard Tower |
| 41:18 | Guard Tower |
| 41:47 | Guard Tower |
| 43:44 | Scout Tower |
| 43:45 | Scout Tower |
| 43:46 | Scout Tower |
| 43:48 | Scout Tower |
| 43:49 | Scout Tower |
| 43:49 | Scout Tower |
| 43:50 | Scout Tower |
| 45:50 | Guard Tower |
| 51:20 | Scout Tower |
| 51:21 | Scout Tower |
| 53:05 | Guard Tower |
| 54:58 | Scout Tower |
| 54:58 | Scout Tower |
| 56:34 | Scout Tower |
| 56:35 | Scout Tower |
| 56:36 | Scout Tower |
| 56:37 | Scout Tower |
| 56:37 | Scout Tower |
| 56:38 | Scout Tower |
| 56:39 | Scout Tower |
| 56:40 | Scout Tower |
| 57:40 | Guard Tower |
| 58:31 | Guard Tower |
| 58:41 | Guard Tower |
| 61:36 | Altar of Kings |
| 62:47 | Scout Tower |
| 62:47 | Scout Tower |
| 62:48 | Scout Tower |
| 62:49 | Scout Tower |
| 62:50 | Scout Tower |
| 62:51 | Scout Tower |
| 62:51 | Scout Tower |
| 62:52 | Scout Tower |
| 63:03 | Scout Tower |
| 64:14 | Guard Tower |
| 64:16 | Guard Tower |
| 64:20 | Guard Tower |
| 64:41 | Guard Tower |
| 69:25 | Scout Tower |
| 69:25 | Scout Tower |
| 69:27 | Scout Tower |
| 69:28 | Scout Tower |
| 69:30 | Scout Tower |
| 69:31 | Scout Tower |
| 69:49 | Scout Tower |
| 69:50 | Scout Tower |
| 69:51 | Scout Tower |
| 70:02 | Guard Tower |
| 70:16 | Guard Tower |
| 70:37 | Guard Tower |
| 70:43 | Scout Tower |
| 70:43 | Scout Tower |
| 70:44 | Scout Tower |
| 70:45 | Scout Tower |
| 71:04 | Guard Tower |
| 71:20 | Guard Tower |
| 71:48 | Guard Tower |
| 73:20 | Scout Tower |
| 73:21 | Scout Tower |
| 73:21 | Scout Tower |
| 73:56 | Guard Tower |
| 74:55 | Guard Tower |
| 75:26 | Scout Tower |
| 75:27 | Scout Tower |
| 76:02 | Guard Tower |
| 77:03 | Guard Tower |
| 81:49 | Farm |
| 81:56 | Farm |
| 82:52 | Scout Tower |
| 82:57 | Scout Tower |
| 83:26 | Scout Tower |
| 87:42 | Farm |
| 88:37 | Scout Tower |
| 89:14 | Guard Tower |
| 93:13 | Scout Tower |
| 93:16 | Scout Tower |
| 93:16 | Scout Tower |
| 93:17 | Scout Tower |
| 93:46 | Guard Tower |
| Right click | 1849 |
| Select | 469 |
| Select group | 150 |
| Build/train/purchase | 118 |
| Resource trade | 59 |
| Minimap ping | 51 |
| Use ability | 6 |
| Assign group | 3 |
| Misc. action | 3 |
Cabeelibob
(194)
(93:57) : 
| Healing Salve | 2 | 200 |
| Lesser Clarity Potion | 19 | 1330 |
| Orb of Lightning | 1 | 375 |
| Staff of Teleportation | 1 | 150 |
| Boots of Speed | 1 | 250 |
| Periapt of Vitality | 1 | 325 |
| Scourge Bone Chimes | 2 | 800 |
| Alleria's Flute of Accuracy | 1 | 400 |
| Claws of Attack +9 | 1 | 300 |
| Cloak of Flames | 1 | 500 |
| total: | 30 | 4630g |
| Peon | 19 | 1425 | / | 0 |
| total: | 19 | 1425g | / | 0w |
| Watch Tower | 7 | 770 | / | 560 |
| Altar of Storms | 3 | 540 | / | 150 |
| Orc Burrow | 6 | 960 | / | 240 |
| War Mill | 3 | 615 | / | 0 |
| Voodoo Lounge | 2 | 260 | / | 60 |
| Great Hall | 5 | 1925 | / | 925 |
| Stronghold | 1 | 315 | / | 190 |
| Fortress | 1 | 325 | / | 190 |
| total: | 26 | 5070g | / | 1935w |
| 0:05 | Altar of Storms |
| 0:10 | Orc Burrow |
| 0:12 | Peon |
| 0:24 | Peon |
| 0:31 | Peon |
| 0:45 | Peon |
| 1:01 | Orc Burrow |
| 1:12 | War Mill |
| 1:26 | Peon |
| 1:30 | Peon |
| 1:41 | Peon |
| 1:49 | Orc Burrow |
| 2:07 | Wind Walk |
| 2:13 | Peon |
| 2:17 | Voodoo Lounge |
| 2:36 | Watch Tower |
| 3:40 | Staff of Teleportation |
| 3:41 | Boots of Speed |
| 3:42 | Periapt of Vitality |
| 3:52 | Orc Burrow |
| 4:57 | Healing Salve |
| 4:59 | Lesser Clarity Potion |
| 5:01 | Spiked Barricades |
| 5:03 | Stronghold |
| 5:10 | Watch Tower |
| 6:42 | Altar of Storms |
| 6:45 | Orc Burrow |
| 6:58 | Voodoo Lounge |
| 8:23 | Critical Strike |
| 9:23 | Watch Tower |
| 9:24 | Watch Tower |
| 9:27 | Fortress |
| 9:42 | Bash |
| 10:18 | Watch Tower |
| 10:45 | Watch Tower |
| 10:46 | Watch Tower |
| 11:51 | Scourge Bone Chimes |
| 11:55 | Scourge Bone Chimes |
| 12:05 | Alleria's Flute of Accuracy |
| 13:20 | Healing Salve |
| 13:21 | Lesser Clarity Potion |
| 14:18 | Orb of Lightning |
| 14:30 | Peon |
| 14:30 | Peon |
| 14:30 | Peon |
| 14:30 | Peon |
| 14:33 | Reinforced Defenses |
| 16:11 | Critical Strike |
| 17:24 | Claws of Attack +9 |
| 17:36 | Cloak of Flames |
| 18:18 | Wind Walk |
| 19:52 | Great Hall |
| 19:59 | War Mill |
| 21:16 | Great Hall |
| 21:19 | Critical Strike |
| 21:37 | Lesser Clarity Potion |
| 22:16 | Great Hall |
| 23:35 | Great Hall |
| 24:30 | War Mill |
| 26:37 | Peon |
| 26:37 | Peon |
| 26:37 | Peon |
| 26:37 | Peon |
| 26:38 | Peon |
| 28:13 | Peon |
| 28:13 | Peon |
| 29:04 | Bladestorm |
| 29:16 | Wind Walk |
| 29:27 | Lesser Clarity Potion |
| 31:01 | Great Hall |
| 33:17 | Lesser Clarity Potion |
| 35:06 | Lesser Clarity Potion |
| 35:52 | Mirror Image |
| 37:24 | Lesser Clarity Potion |
| 39:30 | Lesser Clarity Potion |
| 42:17 | Lesser Clarity Potion |
| 43:25 | Lesser Clarity Potion |
| 45:19 | Lesser Clarity Potion |
| 49:28 | Lesser Clarity Potion |
| 51:01 | Lesser Clarity Potion |
| 52:22 | Mirror Image |
| 53:04 | Lesser Clarity Potion |
| 53:34 | Lesser Clarity Potion |
| 55:49 | Lesser Clarity Potion |
| 56:24 | Lesser Clarity Potion |
| 57:19 | Lesser Clarity Potion |
| 58:33 | Lesser Clarity Potion |
| 62:03 | Mirror Image |
| 70:50 | Altar of Storms |
| 70:53 | Orc Burrow |
| Right click | 4769 |
| Misc. action | 406 |
| Select | 345 |
| Select group | 317 |
| Build/train/purchase | 188 |
| Resource trade | 53 |
| Chat | 35 |
| Item give/drop | 25 |
| Use ability | 12 |
| Minimap ping | 12 |
| Remove unit | 3 |
| Assign group | 1 |


| Peasant | 15 | 1125 | / | 0 |
| Flying Machine | 51 | 5100 | / | 1530 |
| Mortar Team | 2 | 360 | / | 140 |
| Dragonhawk Rider | 3 | 600 | / | 90 |
| total: | 71 | 7185g | / | 1760w |
| Scout Tower | 16 | 480 | / | 320 |
| Arcane Tower | 1 | 70 | / | 50 |
| Guard Tower | 4 | 280 | / | 200 |
| Altar of Kings | 3 | 540 | / | 150 |
| Farm | 15 | 1200 | / | 300 |
| Lumber Mill | 3 | 360 | / | 0 |
| Blacksmith | 2 | 280 | / | 120 |
| Arcane Vault | 1 | 130 | / | 30 |
| Barracks | 1 | 160 | / | 60 |
| Cannon Tower | 2 | 240 | / | 200 |
| Workshop | 3 | 420 | / | 420 |
| Gryphon Aviary | 1 | 140 | / | 150 |
| Keep | 1 | 320 | / | 210 |
| Castle | 1 | 360 | / | 210 |
| total: | 45 | 3710g | / | 1550w |
| 0:04 | Peasant |
| 0:04 | Peasant |
| 0:04 | Peasant |
| 0:11 | Altar of Kings |
| 0:20 | Farm |
| 0:22 | Peasant |
| 0:23 | Peasant |
| 0:43 | Peasant |
| 0:43 | Peasant |
| 0:56 | Farm |
| 1:04 | Peasant |
| 1:04 | Peasant |
| 1:19 | Peasant |
| 1:36 | Lumber Mill |
| 1:40 | Peasant |
| 1:44 | Scout Tower |
| 2:09 | Peasant |
| 2:09 | Peasant |
| 2:12 | Arcane Tower |
| 2:15 | Scout Tower |
| 2:30 | Storm Bolt |
| 2:32 | Peasant |
| 2:32 | Peasant |
| 2:38 | Scout Tower |
| 3:07 | Guard Tower |
| 3:20 | Keep |
| 3:42 | Scout Tower |
| 4:18 | Guard Tower |
| 4:23 | Scout Tower |
| 4:25 | Farm |
| 4:32 | Blacksmith |
| 4:53 | Guard Tower |
| 6:20 | Castle |
| 6:23 | Black Gunpowder |
| 6:41 | Workshop |
| 6:43 | Workshop |
| 6:49 | Blacksmith |
| 6:56 | Workshop |
| 7:17 | Iron Plating |
| 7:48 | Holy Light |
| 8:07 | Flying Machine |
| 8:08 | Flak Cannons |
| 8:13 | Farm |
| 8:15 | Farm |
| 8:16 | Refined Gunpowder |
| 8:24 | Steel Plating |
| 8:26 | Improved Masonry |
| 9:15 | Gryphon Aviary |
| 9:18 | Arcane Vault |
| 9:20 | Flying Machine Bombs |
| 9:21 | Flying Machine |
| 9:22 | Flying Machine |
| 9:23 | Flying Machine |
| 9:23 | Flying Machine |
| 10:03 | Flying Machine |
| 10:03 | Flying Machine |
| 10:03 | Flying Machine |
| 10:16 | Farm |
| 10:19 | Farm |
| 10:24 | Farm |
| 10:24 | Farm |
| 10:37 | Advanced Masonry |
| 10:47 | Bash |
| 10:49 | Bash |
| 11:00 | Flying Machine |
| 11:00 | Flying Machine |
| 11:00 | Flying Machine |
| 11:09 | Cloud |
| 11:12 | Farm |
| 11:15 | Imbued Gunpowder |
| 11:18 | Mortar Team |
| 11:22 | Mortar Team |
| 11:41 | Dragonhawk Rider |
| 11:41 | Dragonhawk Rider |
| 11:45 | Flying Machine |
| 11:45 | Flying Machine |
| 11:45 | Flying Machine |
| 12:05 | Mithril Plating |
| 12:14 | Flying Machine |
| 12:14 | Flying Machine |
| 12:15 | Flying Machine |
| 12:42 | Flying Machine |
| 12:42 | Flying Machine |
| 12:42 | Flying Machine |
| 13:47 | Flying Machine |
| 13:47 | Flying Machine |
| 13:47 | Flying Machine |
| 13:48 | Flying Machine |
| 13:48 | Flying Machine |
| 13:48 | Flying Machine |
| 14:36 | Divine Shield |
| 14:38 | Divine Shield |
| 14:48 | Farm |
| 14:54 | Farm |
| 15:29 | Dragonhawk Rider |
| 16:03 | Barracks |
| 16:06 | Studded Leather Armor |
| 19:26 | Animal War Training |
| 21:25 | Reinforced Leather Armor |
| 24:50 | Lumber Mill |
| 25:43 | Dragonhide Armor |
| 26:27 | Flying Machine |
| 26:27 | Flying Machine |
| 26:28 | Flying Machine |
| 26:28 | Flying Machine |
| 27:53 | Flying Machine |
| 27:54 | Flying Machine |
| 27:54 | Flying Machine |
| 27:54 | Flying Machine |
| 27:57 | Imbued Masonry |
| 29:18 | Flying Machine |
| 29:18 | Flying Machine |
| 29:18 | Flying Machine |
| 29:18 | Flying Machine |
| 29:53 | Flying Machine |
| 29:53 | Flying Machine |
| 32:02 | Scout Tower |
| 32:07 | Scout Tower |
| 34:07 | Cannon Tower |
| 35:12 | Scout Tower |
| 35:13 | Scout Tower |
| 36:37 | Scout Tower |
| 37:28 | Cannon Tower |
| 40:32 | Flying Machine |
| 40:33 | Flying Machine |
| 40:33 | Flying Machine |
| 40:33 | Flying Machine |
| 40:33 | Flying Machine |
| 42:10 | Flying Machine |
| 42:10 | Flying Machine |
| 42:10 | Flying Machine |
| 42:20 | Holy Light |
| 42:45 | Farm |
| 42:49 | Farm |
| 48:41 | Flying Machine |
| 48:41 | Flying Machine |
| 49:33 | Flying Machine |
| 64:10 | Avatar |
| 64:30 | Lumber Mill |
| 69:04 | Altar of Kings |
| 69:08 | Farm |
| 70:38 | Scout Tower |
| 70:39 | Scout Tower |
| 70:40 | Scout Tower |
| 71:09 | Scout Tower |
| 71:13 | Scout Tower |
| 71:15 | Scout Tower |
| 72:33 | Guard Tower |
| 86:14 | Bash |
| 88:31 | Divine Shield |
| 89:10 | Altar of Kings |
| Right click | 9004 |
| Select group | 5984 |
| Select | 756 |
| Build/train/purchase | 157 |
| Assign group | 60 |
| Use ability | 49 |
| Resource trade | 41 |
| Minimap ping | 32 |
| Misc. action | 23 |
| Chat | 12 |
| Remove unit | 4 |
DudeWhy
(236)
(94:00) : 

| Peasant | 28 | 2100 | / | 0 |
| Mortar Team | 19 | 3420 | / | 1330 |
| Flying Machine | 6 | 600 | / | 180 |
| total: | 53 | 6120g | / | 1510w |
| Scout Tower | 41 | 1230 | / | 820 |
| Arcane Tower | 1 | 70 | / | 50 |
| Guard Tower | 15 | 1050 | / | 750 |
| Altar of Kings | 4 | 720 | / | 200 |
| Farm | 22 | 1760 | / | 440 |
| Lumber Mill | 4 | 480 | / | 0 |
| Town Hall | 4 | 1540 | / | 820 |
| Blacksmith | 1 | 140 | / | 60 |
| Workshop | 2 | 280 | / | 280 |
| Keep | 1 | 320 | / | 210 |
| Castle | 1 | 360 | / | 210 |
| total: | 78 | 6150g | / | 2620w |
| 0:05 | Peasant |
| 0:11 | Altar of Kings |
| 0:14 | Peasant |
| 0:18 | Peasant |
| 0:21 | Farm |
| 0:23 | Peasant |
| 0:28 | Peasant |
| 0:39 | Scout Tower |
| 0:41 | Farm |
| 0:42 | Peasant |
| 1:05 | Peasant |
| 1:14 | Peasant |
| 1:27 | Peasant |
| 1:29 | Arcane Tower |
| 1:36 | Peasant |
| 1:59 | Peasant |
| 2:06 | Farm |
| 2:07 | Peasant |
| 2:21 | Lumber Mill |
| 2:22 | Peasant |
| 2:25 | Peasant |
| 2:34 | Peasant |
| 2:39 | Storm Bolt |
| 2:45 | Scout Tower |
| 3:01 | Peasant |
| 3:07 | Scout Tower |
| 3:09 | Scout Tower |
| 3:10 | Scout Tower |
| 3:25 | Lumber Mill |
| 3:27 | Peasant |
| 4:10 | Scout Tower |
| 4:10 | Scout Tower |
| 4:11 | Scout Tower |
| 4:13 | Scout Tower |
| 4:16 | Scout Tower |
| 4:18 | Guard Tower |
| 4:20 | Scout Tower |
| 4:22 | Scout Tower |
| 4:43 | Guard Tower |
| 4:45 | Guard Tower |
| 5:00 | Guard Tower |
| 5:02 | Scout Tower |
| 5:03 | Scout Tower |
| 5:04 | Scout Tower |
| 5:43 | Guard Tower |
| 5:45 | Peasant |
| 5:45 | Peasant |
| 5:48 | Improved Masonry |
| 5:51 | Guard Tower |
| 6:30 | Town Hall |
| 6:49 | Peasant |
| 6:49 | Peasant |
| 7:17 | Peasant |
| 7:17 | Peasant |
| 7:59 | Keep |
| 9:02 | Scout Tower |
| 9:03 | Scout Tower |
| 9:03 | Scout Tower |
| 9:04 | Scout Tower |
| 9:06 | Scout Tower |
| 9:32 | Scout Tower |
| 9:33 | Scout Tower |
| 9:34 | Scout Tower |
| 9:45 | Guard Tower |
| 10:10 | Guard Tower |
| 10:12 | Scout Tower |
| 10:13 | Scout Tower |
| 10:14 | Scout Tower |
| 10:15 | Scout Tower |
| 10:16 | Scout Tower |
| 10:17 | Guard Tower |
| 10:20 | Castle |
| 10:27 | Improved Lumber Harvesting |
| 10:27 | Advanced Masonry |
| 10:50 | Guard Tower |
| 10:59 | Guard Tower |
| 11:05 | Guard Tower |
| 11:12 | Blacksmith |
| 12:40 | Workshop |
| 13:01 | Black Gunpowder |
| 13:01 | Studded Leather Armor |
| 13:32 | Holy Light |
| 13:56 | Workshop |
| 13:58 | Fragmentation Shards |
| 14:34 | Lumber Mill |
| 14:47 | Farm |
| 14:48 | Farm |
| 14:53 | Farm |
| 14:55 | Farm |
| 14:56 | Farm |
| 14:56 | Farm |
| 15:40 | Flare |
| 15:40 | Mortar Team |
| 15:47 | Farm |
| 15:47 | Farm |
| 15:48 | Farm |
| 16:24 | Town Hall |
| 16:26 | Town Hall |
| 16:42 | Mortar Team |
| 16:58 | Mortar Team |
| 16:59 | Mortar Team |
| 17:43 | Imbued Masonry |
| 17:43 | Advanced Lumber Harvesting |
| 18:39 | Storm Bolt |
| 18:42 | Storm Bolt |
| 18:43 | Storm Bolt |
| 18:44 | Divine Shield |
| 19:21 | Altar of Kings |
| 19:22 | Refined Gunpowder |
| 19:25 | Flying Machine |
| 19:25 | Flying Machine |
| 19:27 | Flak Cannons |
| 21:32 | Mortar Team |
| 22:31 | Peasant |
| 22:31 | Peasant |
| 25:09 | Bash |
| 25:10 | Bash |
| 25:13 | Holy Light |
| 25:14 | Holy Light |
| 25:15 | Holy Light |
| 25:27 | Imbued Gunpowder |
| 25:28 | Reinforced Leather Armor |
| 29:20 | Divine Shield |
| 32:39 | Bash |
| 32:41 | Divine Shield |
| 32:42 | Divine Shield |
| 33:40 | Town Hall |
| 35:50 | Storm Bolt |
| 35:53 | Storm Bolt |
| 35:54 | Storm Bolt |
| 42:53 | Mortar Team |
| 42:57 | Mortar Team |
| 47:04 | Holy Light |
| 47:06 | Holy Light |
| 47:11 | Scout Tower |
| 47:12 | Scout Tower |
| 47:13 | Scout Tower |
| 47:14 | Scout Tower |
| 47:32 | Scout Tower |
| 47:37 | Peasant |
| 47:37 | Peasant |
| 47:37 | Peasant |
| 48:25 | Guard Tower |
| 48:28 | Scout Tower |
| 48:30 | Scout Tower |
| 48:32 | Scout Tower |
| 48:32 | Scout Tower |
| 48:34 | Scout Tower |
| 49:02 | Guard Tower |
| 49:05 | Scout Tower |
| 49:06 | Scout Tower |
| 49:07 | Scout Tower |
| 49:38 | Guard Tower |
| 53:30 | Mortar Team |
| 62:26 | Avatar |
| 63:28 | Mortar Team |
| 63:29 | Mortar Team |
| 63:41 | Lumber Mill |
| 65:08 | Resurrection |
| 65:34 | Avatar |
| 66:16 | Resurrection |
| 67:29 | Mortar Team |
| 69:26 | Farm |
| 69:29 | Farm |
| 69:45 | Farm |
| 69:45 | Farm |
| 69:53 | Farm |
| 70:11 | Farm |
| 70:11 | Farm |
| 70:32 | Flying Machine |
| 70:32 | Flying Machine |
| 70:32 | Flying Machine |
| 70:32 | Flying Machine |
| 70:55 | Mortar Team |
| 72:34 | Mortar Team |
| 74:42 | Resurrection |
| 75:43 | Mortar Team |
| 75:43 | Mortar Team |
| 75:47 | Mortar Team |
| 75:48 | Mortar Team |
| 75:48 | Mortar Team |
| 75:52 | Farm |
| 76:59 | Mortar Team |
| 78:40 | Farm |
| 78:41 | Farm |
| 86:01 | Altar of Kings |
| 86:34 | Bash |
| 88:10 | Bash |
| 88:26 | Altar of Kings |
| Right click | 5724 |
| Select group | 1743 |
| Select | 637 |
| Use ability | 271 |
| Build/train/purchase | 197 |
| Misc. action | 65 |
| Resource trade | 64 |
| Minimap ping | 23 |
| Assign group | 19 |
| Esc | 14 |
| Chat | 4 |
| Remove unit | 2 |
320 units @ 49.4k
/ 9.5k
207 buildings @ 22.5k
/ 11.5k
BattlePants
(91:42) : 

| Scroll of Regeneration | 4 | 400 |
| Lesser Clarity Potion | 1 | 70 |
| Orb of Fire | 1 | 325 |
| Potion of Mana | 1 | 200 |
| Potion of Healing | 1 | 150 |
| Ivory Tower | 1 | 40 |
| Scroll of Town Portal | 7 | 2450 |
| Boots of Speed | 1 | 250 |
| Scroll of Protection | 1 | 150 |
| Staff of Teleportation | 1 | 150 |
| total: | 19 | 4185g |
| Peasant | 13 | 975 | / | 0 |
| Footman | 5 | 675 | / | 0 |
| Rifleman | 6 | 1230 | / | 180 |
| Flying Machine | 9 | 900 | / | 270 |
| Priest | 9 | 1215 | / | 90 |
| Sorceress | 16 | 2480 | / | 320 |
| Siege Engine | 21 | 4095 | / | 1260 |
| Mortar Team | 23 | 4140 | / | 1610 |
| total: | 102 | 15710g | / | 3730w |
| Scout Tower | 14 | 420 | / | 280 |
| Arcane Tower | 9 | 630 | / | 450 |
| Guard Tower | 5 | 350 | / | 250 |
| Farm | 12 | 960 | / | 240 |
| Altar of Kings | 1 | 180 | / | 50 |
| Barracks | 2 | 320 | / | 120 |
| Lumber Mill | 1 | 120 | / | 0 |
| Arcane Vault | 3 | 390 | / | 90 |
| Blacksmith | 1 | 140 | / | 60 |
| Town Hall | 3 | 1155 | / | 615 |
| Workshop | 2 | 280 | / | 280 |
| Arcane Sanctum | 1 | 150 | / | 140 |
| Keep | 1 | 320 | / | 210 |
| Castle | 1 | 360 | / | 210 |
| total: | 40 | 4115g | / | 1875w |
| 0:58 | Peasant |
| 0:58 | Peasant |
| 0:58 | Peasant |
| 0:58 | Peasant |
| 0:59 | Peasant |
| 0:59 | Peasant |
| 1:48 | Farm |
| 2:03 | Altar of Kings |
| 2:15 | Barracks |
| 2:25 | Farm |
| 2:56 | Scout Tower |
| 3:16 | Lumber Mill |
| 3:18 | Footman |
| 3:18 | Footman |
| 3:22 | Barracks |
| 3:27 | Arcane Tower |
| 3:41 | Scout Tower |
| 4:08 | Holy Light |
| 4:43 | Scout Tower |
| 4:50 | Scout Tower |
| 4:59 | Footman |
| 5:00 | Footman |
| 5:08 | Guard Tower |
| 5:13 | Arcane Tower |
| 5:17 | Farm |
| 5:28 | Arcane Tower |
| 5:39 | Farm |
| 6:17 | Arcane Vault |
| 6:19 | Peasant |
| 6:19 | Peasant |
| 6:19 | Peasant |
| 6:23 | Farm |
| 6:32 | Blacksmith |
| 6:35 | Footman |
| 7:53 | Rifleman |
| 7:56 | Farm |
| 7:58 | Improved Masonry |
| 8:00 | Scroll of Regeneration |
| 8:03 | Scroll of Regeneration |
| 8:10 | Keep |
| 8:32 | Divine Shield |
| 8:51 | Rifleman |
| 8:59 | Black Gunpowder |
| 9:00 | Studded Leather Armor |
| 9:05 | Lesser Clarity Potion |
| 9:22 | Iron Plating |
| 9:48 | Devotion Aura |
| 10:26 | Boots of Speed |
| 10:34 | Rifleman |
| 10:34 | Long Rifles |
| 10:40 | Workshop |
| 10:47 | Peasant |
| 10:47 | Peasant |
| 10:58 | Scroll of Regeneration |
| 11:16 | Arcane Sanctum |
| 11:37 | Advanced Masonry |
| 11:37 | Improved Lumber Harvesting |
| 12:46 | Divine Shield |
| 13:07 | Flak Cannons |
| 13:07 | Flying Machine |
| 13:08 | Flying Machine |
| 13:08 | Flying Machine |
| 13:08 | Flying Machine |
| 13:08 | Flying Machine |
| 13:08 | Flying Machine |
| 13:14 | Farm |
| 13:19 | Peasant |
| 13:19 | Peasant |
| 13:23 | Priest |
| 13:23 | Priest |
| 13:24 | Priest |
| 13:25 | Sorceress |
| 13:26 | Sorceress |
| 13:53 | Farm |
| 13:56 | Flare |
| 14:41 | Workshop |
| 14:44 | Steel Plating |
| 14:44 | Refined Gunpowder |
| 14:50 | Flying Machine |
| 14:50 | Flying Machine |
| 14:50 | Flying Machine |
| 15:44 | Scroll of Protection |
| 17:33 | Castle |
| 17:35 | Scroll of Town Portal |
| 19:43 | Scout Tower |
| 19:47 | Rifleman |
| 19:59 | Orb of Fire |
| 20:10 | Barrage |
| 20:10 | Siege Engine |
| 20:10 | Siege Engine |
| 20:11 | Siege Engine |
| 20:20 | Farm |
| 20:23 | Mithril Plating |
| 20:23 | Imbued Gunpowder |
| 20:55 | Devotion Aura |
| 21:06 | Guard Tower |
| 21:08 | Farm |
| 21:13 | Siege Engine |
| 23:12 | Scroll of Town Portal |
| 24:01 | Scout Tower |
| 24:45 | Siege Engine |
| 24:46 | Siege Engine |
| 24:50 | Farm |
| 25:16 | Scout Tower |
| 25:17 | Guard Tower |
| 25:25 | Staff of Teleportation |
| 25:31 | Scroll of Town Portal |
| 25:46 | Arcane Tower |
| 25:49 | Scout Tower |
| 26:19 | Arcane Tower |
| 26:23 | Town Hall |
| 27:39 | Scout Tower |
| 29:00 | Guard Tower |
| 29:03 | Scout Tower |
| 30:02 | Guard Tower |
| 30:17 | Arcane Vault |
| 30:27 | Arcane Vault |
| 30:50 | Animal War Training |
| 30:51 | Sundering Blades |
| 32:33 | Scroll of Town Portal |
| 32:59 | Town Hall |
| 34:59 | Fragmentation Shards |
| 34:59 | Mortar Team |
| 35:00 | Mortar Team |
| 35:27 | Sorceress Adept Training |
| 35:28 | Sorceress |
| 35:28 | Sorceress |
| 35:28 | Sorceress |
| 35:28 | Sorceress |
| 36:27 | Rifleman |
| 36:27 | Rifleman |
| 36:49 | Scroll of Town Portal |
| 37:22 | Scroll of Town Portal |
| 37:43 | Blizzard |
| 38:03 | Scout Tower |
| 38:22 | Arcane Tower |
| 38:24 | Scout Tower |
| 38:41 | Arcane Tower |
| 39:32 | Town Hall |
| 39:41 | Mortar Team |
| 39:42 | Mortar Team |
| 39:42 | Mortar Team |
| 40:31 | Sorceress Master Training |
| 40:40 | Mortar Team |
| 40:40 | Mortar Team |
| 41:17 | Scout Tower |
| 41:59 | Arcane Tower |
| 42:16 | Scout Tower |
| 44:29 | Arcane Tower |
| 47:15 | Mortar Team |
| 47:15 | Mortar Team |
| 47:16 | Mortar Team |
| 47:16 | Mortar Team |
| 49:01 | Resurrection |
| 51:04 | Siege Engine |
| 51:04 | Siege Engine |
| 51:04 | Siege Engine |
| 51:04 | Siege Engine |
| 51:05 | Siege Engine |
| 51:05 | Siege Engine |
| 51:05 | Siege Engine |
| 51:08 | Farm |
| 57:39 | Scroll of Regeneration |
| 58:12 | Potion of Mana |
| 58:13 | Potion of Healing |
| 59:08 | Siege Engine |
| 59:08 | Mortar Team |
| 59:10 | Mortar Team |
| 59:10 | Mortar Team |
| 59:10 | Mortar Team |
| 59:10 | Mortar Team |
| 59:11 | Mortar Team |
| 59:12 | Mortar Team |
| 63:40 | Priest |
| 63:41 | Priest |
| 63:41 | Priest |
| 63:41 | Priest |
| 66:40 | Mortar Team |
| 66:40 | Mortar Team |
| 66:40 | Mortar Team |
| 66:40 | Mortar Team |
| 66:40 | Mortar Team |
| 66:43 | Priest |
| 66:43 | Priest |
| 66:43 | Sorceress |
| 68:21 | Sorceress |
| 68:21 | Sorceress |
| 68:22 | Sorceress |
| 68:22 | Sorceress |
| 69:31 | Scroll of Town Portal |
| 69:31 | Ivory Tower |
| 69:48 | Siege Engine |
| 69:48 | Siege Engine |
| 69:49 | Siege Engine |
| 69:49 | Siege Engine |
| 69:49 | Siege Engine |
| 69:49 | Siege Engine |
| 69:49 | Siege Engine |
| 75:36 | Sorceress |
| 75:36 | Sorceress |
| 75:37 | Sorceress |
| 75:37 | Sorceress |
| 75:37 | Sorceress |
| Right click | 1472 |
| Select | 930 |
| Build/train/purchase | 235 |
| Misc. action | 186 |
| Use ability | 122 |
| Chat | 69 |
| Minimap ping | 10 |
| Resource trade | 8 |
| Item give/drop | 7 |

| Orb of Venom | 1 | 325 |
| Potion of Healing | 1 | 150 |
| Scroll of Town Portal | 2 | 700 |
| Boots of Speed | 1 | 250 |
| Circlet of Nobility | 1 | 175 |
| Potion of Lesser Invulnerability | 3 | 450 |
| Staff of Teleportation | 1 | 150 |
| Boots of Quel'Thalas +6 | 1 | 400 |
| total: | 11 | 2600g |
| Wisp | 31 | 1860 | / | 0 |
| Huntress | 3 | 585 | / | 60 |
| Mountain Giant | 5 | 1750 | / | 500 |
| Chimaera | 2 | 660 | / | 140 |
| Hippogryph | 15 | 2400 | / | 300 |
| Glaive Thrower | 9 | 1890 | / | 585 |
| total: | 65 | 9145g | / | 1585w |
| Ancient Protector | 1 | 135 | / | 80 |
| Altar of Elders | 3 | 540 | / | 150 |
| Moon Well | 8 | 1440 | / | 320 |
| Hunter's Hall | 2 | 420 | / | 200 |
| Ancient of War | 5 | 750 | / | 300 |
| Ancient of Wonders | 2 | 180 | / | 60 |
| Tree of Life | 9 | 3060 | / | 1665 |
| Ancient of Lore | 2 | 310 | / | 290 |
| Ancient of Wind | 3 | 450 | / | 420 |
| Chimaera Roost | 3 | 420 | / | 570 |
| Tree of Ages | 2 | 640 | / | 360 |
| Tree of Eternity | 2 | 660 | / | 400 |
| total: | 38 | 7705g | / | 4055w |
| 0:03 | Wisp |
| 0:03 | Wisp |
| 0:03 | Wisp |
| 0:07 | Altar of Elders |
| 0:09 | Wisp |
| 0:18 | Moon Well |
| 0:37 | Wisp |
| 0:44 | Wisp |
| 0:56 | Wisp |
| 1:13 | Hunter's Hall |
| 1:18 | Wisp |
| 1:44 | Ancient of War |
| 1:46 | Wisp |
| 1:56 | Moon Well |
| 1:59 | Wisp |
| 2:06 | Mana Burn |
| 2:19 | Ancient Protector |
| 2:22 | Wisp |
| 2:25 | Ancient of Wonders |
| 2:28 | Ancient of Wonders |
| 2:32 | Wisp |
| 2:34 | Wisp |
| 3:04 | Huntress |
| 3:15 | Huntress |
| 3:35 | Tree of Ages |
| 4:07 | Huntress |
| 4:22 | Boots of Speed |
| 4:27 | Circlet of Nobility |
| 4:46 | Moon Well |
| 6:03 | Ancient of Lore |
| 6:08 | Ancient of Lore |
| 6:11 | Moon Well |
| 6:14 | Moon Well |
| 6:16 | Wisp |
| 7:21 | Evasion |
| 7:22 | Mountain Giant |
| 7:51 | Tree of Eternity |
| 8:30 | Mountain Giant |
| 8:32 | Reinforced Hides |
| 9:09 | Moon Well |
| 9:12 | Moon Well |
| 10:17 | Hardened Skin |
| 10:18 | Resistant Skin |
| 10:39 | Well Spring |
| 10:40 | Improved Reinforced Hides |
| 11:03 | Mountain Giant |
| 11:20 | Chimaera Roost |
| 11:21 | Chimaera Roost |
| 11:24 | Chimaera Roost |
| 11:36 | Evasion |
| 11:37 | Mana Burn |
| 12:01 | Mountain Giant |
| 12:07 | Ultravision |
| 12:55 | Mountain Giant |
| 12:58 | Corrosive Breath |
| 12:59 | Moon Well |
| 13:54 | Advanced Reinforced Hides |
| 14:17 | Tree of Life |
| 14:45 | Mana Burn |
| 15:07 | Strength of the Wild |
| 15:17 | Potion of Lesser Invulnerability |
| 16:14 | Chimaera |
| 17:00 | Wisp |
| 17:00 | Wisp |
| 17:01 | Wisp |
| 17:01 | Wisp |
| 17:01 | Wisp |
| 17:11 | Improved Strength of the Wild |
| 19:09 | Advanced Strength of the Wild |
| 20:21 | Tree of Life |
| 21:26 | Scroll of Town Portal |
| 21:27 | Orb of Venom |
| 21:42 | Ancient of Wind |
| 21:45 | Ancient of Wind |
| 21:49 | Ancient of Wind |
| 21:51 | Wisp |
| 21:51 | Wisp |
| 21:51 | Wisp |
| 22:09 | Nature's Blessing |
| 22:17 | Tree of Life |
| 23:16 | Hippogryph |
| 23:16 | Hippogryph |
| 23:16 | Hippogryph |
| 23:54 | Metamorphosis |
| 24:57 | Hippogryph |
| 24:57 | Hippogryph |
| 24:59 | Chimaera |
| 25:26 | Tree of Life |
| 25:32 | Wisp |
| 25:50 | Hippogryph |
| 26:11 | Hippogryph |
| 27:32 | Wisp |
| 27:32 | Wisp |
| 27:33 | Wisp |
| 27:33 | Wisp |
| 27:33 | Wisp |
| 27:47 | Hippogryph |
| 28:58 | Wisp |
| 28:58 | Wisp |
| 28:58 | Wisp |
| 29:14 | Evasion |
| 29:30 | Hippogryph |
| 29:59 | Hippogryph |
| 30:36 | Hippogryph |
| 31:31 | Hippogryph |
| 33:30 | Potion of Healing |
| 33:45 | Tree of Life |
| 34:23 | Tree of Life |
| 35:04 | Hippogryph |
| 35:31 | Tree of Life |
| 35:51 | Hippogryph |
| 38:37 | Hippogryph |
| 41:14 | Ancient of War |
| 41:17 | Ancient of War |
| 41:22 | Ancient of War |
| 41:26 | Ancient of War |
| 41:56 | Scroll of Town Portal |
| 42:21 | Vorpal Blades |
| 42:22 | Glaive Thrower |
| 42:28 | Glaive Thrower |
| 42:33 | Strength of the Moon |
| 42:38 | Hunter's Hall |
| 42:57 | Glaive Thrower |
| 43:26 | Glaive Thrower |
| 43:35 | Glaive Thrower |
| 43:43 | Moon Armor |
| 43:45 | Improved Strength of the Moon |
| 44:53 | Glaive Thrower |
| 47:13 | Tree of Life |
| 48:11 | Altar of Elders |
| 50:56 | Glaive Thrower |
| 51:50 | Staff of Teleportation |
| 51:52 | Potion of Lesser Invulnerability |
| 52:41 | Tree of Life |
| 57:49 | Immolation |
| 66:08 | Glaive Thrower |
| 66:18 | Tree of Ages |
| 67:35 | Glaive Thrower |
| 78:34 | Boots of Quel'Thalas +6 |
| 82:05 | Immolation |
| 88:09 | Altar of Elders |
| 92:12 | Potion of Lesser Invulnerability |
| Right click | 7955 |
| Select group | 1410 |
| Select | 1302 |
| Build/train/purchase | 566 |
| Misc. action | 529 |
| Use ability | 219 |
| Assign group | 42 |
| Minimap ping | 20 |
| Item give/drop | 14 |
| Resource trade | 5 |
| Chat | 4 |
| Esc | 3 |
Caninosaurio
(93:58) : 


x1)
| Scroll of Regeneration | 4 | 400 |
| Lesser Clarity Potion | 8 | 560 |
| Potion of Healing | 3 | 450 |
| Ivory Tower | 5 | 200 |
| Potion of Mana | 1 | 200 |
| Dust of Appearance | 1 | 75 |
| Scroll of Town Portal | 2 | 700 |
| Boots of Speed | 1 | 250 |
| Tome of Retraining | 1 | 300 |
| total: | 26 | 3135g |
| Peasant | 27 | 2025 | / | 0 |
| Footman | 6 | 810 | / | 0 |
| Mortar Team | 4 | 720 | / | 280 |
| Flying Machine | 9 | 900 | / | 270 |
| Gryphon Rider | 2 | 560 | / | 140 |
| Dragonhawk Rider | 2 | 400 | / | 60 |
| Siege Engine | 8 | 1560 | / | 480 |
| Goblin Shredder | 2 | 750 | / | 200 |
| total: | 60 | 7725g | / | 1430w |
| Scout Tower | 71 | 2130 | / | 1420 |
| Arcane Tower | 6 | 420 | / | 300 |
| Guard Tower | 19 | 1330 | / | 950 |
| Farm | 15 | 1200 | / | 300 |
| Altar of Kings | 1 | 180 | / | 50 |
| Barracks | 1 | 160 | / | 60 |
| Arcane Vault | 3 | 390 | / | 90 |
| Town Hall | 4 | 1540 | / | 820 |
| Lumber Mill | 2 | 240 | / | 0 |
| Blacksmith | 1 | 140 | / | 60 |
| Workshop | 3 | 420 | / | 420 |
| Arcane Sanctum | 3 | 450 | / | 420 |
| Gryphon Aviary | 3 | 420 | / | 450 |
| Keep | 2 | 640 | / | 420 |
| Castle | 2 | 720 | / | 420 |
| total: | 107 | 7270g | / | 4090w |
| 0:03 | Peasant |
| 0:03 | Peasant |
| 0:03 | Peasant |
| 0:06 | Farm |
| 0:08 | Farm |
| 0:10 | Altar of Kings |
| 0:34 | Farm |
| 0:36 | Barracks |
| 0:51 | Peasant |
| 0:52 | Peasant |
| 1:05 | Peasant |
| 1:33 | Farm |
| 1:37 | Peasant |
| 1:40 | Footman |
| 1:41 | Footman |
| 1:50 | Peasant |
| 1:58 | Footman |
| 2:02 | Peasant |
| 2:12 | Farm |
| 2:17 | Arcane Vault |
| 2:20 | Summon Water Elemental |
| 2:35 | Footman |
| 2:38 | Peasant |
| 2:57 | Farm |
| 3:00 | Peasant |
| 3:00 | Peasant |
| 3:23 | Brilliance Aura |
| 3:47 | Peasant |
| 3:53 | Farm |
| 3:59 | Scroll of Regeneration |
| 3:59 | Lesser Clarity Potion |
| 4:06 | Footman |
| 4:38 | Footman |
| 5:04 | Summon Water Elemental |
| 5:23 | Town Hall |
| 5:25 | Keep |
| 5:36 | Lumber Mill |
| 5:38 | Farm |
| 5:41 | Scroll of Regeneration |
| 5:42 | Lesser Clarity Potion |
| 6:18 | Goblin Shredder |
| 6:19 | Goblin Shredder |
| 6:58 | Brilliance Aura |
| 7:30 | Farm |
| 7:46 | Scout Tower |
| 7:58 | Peasant |
| 7:58 | Peasant |
| 7:58 | Peasant |
| 7:59 | Peasant |
| 8:10 | Scout Tower |
| 8:11 | Scout Tower |
| 8:16 | Scout Tower |
| 8:16 | Scout Tower |
| 8:17 | Scout Tower |
| 8:21 | Arcane Tower |
| 8:25 | Farm |
| 8:44 | Guard Tower |
| 8:49 | Storm Bolt |
| 8:52 | Guard Tower |
| 8:53 | Scout Tower |
| 8:58 | Lesser Clarity Potion |
| 8:58 | Potion of Healing |
| 8:58 | Lesser Clarity Potion |
| 8:59 | Ivory Tower |
| 8:59 | Ivory Tower |
| 8:59 | Ivory Tower |
| 9:25 | Blacksmith |
| 9:53 | Scout Tower |
| 9:56 | Guard Tower |
| 10:13 | Scout Tower |
| 10:14 | Scout Tower |
| 10:15 | Scout Tower |
| 10:16 | Scout Tower |
| 10:17 | Scout Tower |
| 10:18 | Improved Masonry |
| 10:23 | Guard Tower |
| 10:25 | Scout Tower |
| 10:27 | Castle |
| 10:29 | Guard Tower |
| 10:30 | Scout Tower |
| 10:31 | Scout Tower |
| 10:34 | Scout Tower |
| 10:34 | Scout Tower |
| 10:35 | Scout Tower |
| 10:35 | Scout Tower |
| 10:36 | Scout Tower |
| 10:37 | Scout Tower |
| 10:38 | Scout Tower |
| 10:39 | Scout Tower |
| 10:41 | Peasant |
| 10:46 | Scout Tower |
| 10:46 | Scout Tower |
| 10:47 | Scout Tower |
| 10:47 | Scout Tower |
| 10:51 | Scout Tower |
| 10:52 | Scout Tower |
| 10:53 | Scout Tower |
| 10:53 | Scout Tower |
| 10:59 | Workshop |
| 11:01 | Workshop |
| 11:10 | Guard Tower |
| 11:16 | Scout Tower |
| 11:17 | Workshop |
| 11:33 | Boots of Speed |
| 11:33 | Dust of Appearance |
| 12:00 | Guard Tower |
| 12:17 | Farm |
| 12:18 | Farm |
| 12:20 | Farm |
| 12:21 | Farm |
| 12:23 | Guard Tower |
| 12:30 | Mortar Team |
| 12:30 | Mortar Team |
| 12:36 | Bash |
| 13:01 | Advanced Masonry |
| 13:02 | Guard Tower |
| 13:07 | Arcane Sanctum |
| 13:08 | Arcane Sanctum |
| 13:12 | Arcane Sanctum |
| 13:36 | Farm |
| 13:38 | Scout Tower |
| 13:39 | Scout Tower |
| 13:39 | Scout Tower |
| 13:59 | Guard Tower |
| 14:21 | Flying Machine |
| 14:34 | Flak Cannons |
| 14:35 | Flying Machine |
| 14:41 | Magic Sentry |
| 15:21 | Holy Light |
| 15:26 | Scout Tower |
| 15:27 | Scout Tower |
| 15:28 | Scout Tower |
| 15:36 | Fragmentation Shards |
| 15:36 | Mortar Team |
| 16:03 | Lumber Mill |
| 16:06 | Barrage |
| 16:48 | Mortar Team |
| 17:07 | Summon Water Elemental |
| 17:15 | Flying Machine |
| 17:15 | Flying Machine |
| 17:16 | Flying Machine |
| 17:37 | Siege Engine |
| 17:59 | Tome of Retraining |
| 17:59 | Retrain Hero |
| 18:00 | Blizzard |
| 18:01 | Blizzard |
| 18:01 | Blizzard |
| 18:01 | Brilliance Aura |
| 18:02 | Brilliance Aura |
| 18:02 | Brilliance Aura |
| 18:42 | Black Gunpowder |
| 18:43 | Guard Tower |
| 18:44 | Storm Bolt |
| 18:48 | Town Hall |
| 19:00 | Siege Engine |
| 19:16 | Divine Shield |
| 21:22 | Siege Engine |
| 21:52 | Peasant |
| 21:52 | Peasant |
| 21:52 | Peasant |
| 21:52 | Peasant |
| 22:35 | Peasant |
| 22:35 | Peasant |
| 22:35 | Peasant |
| 22:35 | Peasant |
| 22:42 | Town Hall |
| 23:23 | Imbued Masonry |
| 23:38 | Scout Tower |
| 23:39 | Scout Tower |
| 23:41 | Scout Tower |
| 23:42 | Scout Tower |
| 23:43 | Scout Tower |
| 23:44 | Scout Tower |
| 23:45 | Scout Tower |
| 23:46 | Scout Tower |
| 23:46 | Scout Tower |
| 23:47 | Scout Tower |
| 23:48 | Scout Tower |
| 23:48 | Scout Tower |
| 23:49 | Scout Tower |
| 23:49 | Scout Tower |
| 23:50 | Scout Tower |
| 23:51 | Scout Tower |
| 23:51 | Scout Tower |
| 23:52 | Scout Tower |
| 23:53 | Scout Tower |
| 23:57 | Scout Tower |
| 23:58 | Scout Tower |
| 24:09 | Siege Engine |
| 24:48 | Gryphon Aviary |
| 24:51 | Gryphon Aviary |
| 24:54 | Gryphon Aviary |
| 25:00 | Guard Tower |
| 25:44 | Guard Tower |
| 25:46 | Peasant |
| 25:56 | Arcane Tower |
| 25:58 | Arcane Tower |
| 25:59 | Arcane Tower |
| 26:08 | Holy Light |
| 26:12 | Cloud |
| 27:19 | Bash |
| 28:25 | Scout Tower |
| 29:02 | Flare |
| 29:11 | Iron Plating |
| 29:11 | Steel Plating |
| 29:33 | Town Hall |
| 29:34 | Scout Tower |
| 29:35 | Scout Tower |
| 29:35 | Scout Tower |
| 29:36 | Scout Tower |
| 29:37 | Scout Tower |
| 29:37 | Scout Tower |
| 29:38 | Scout Tower |
| 29:38 | Scout Tower |
| 29:39 | Scout Tower |
| 29:40 | Scout Tower |
| 30:12 | Siege Engine |
| 30:15 | Gryphon Rider |
| 30:23 | Guard Tower |
| 31:12 | Dragonhawk Rider |
| 31:13 | Flying Machine |
| 31:19 | Scroll of Town Portal |
| 31:20 | Potion of Healing |
| 31:33 | Flying Machine |
| 32:39 | Flying Machine |
| 33:14 | Divine Shield |
| 33:31 | Scroll of Regeneration |
| 33:42 | Siege Engine |
| 33:46 | Potion of Healing |
| 33:46 | Lesser Clarity Potion |
| 34:13 | Gryphon Rider |
| 34:14 | Dragonhawk Rider |
| 34:16 | Storm Hammers |
| 36:35 | Refined Gunpowder |
| 40:09 | Imbued Gunpowder |
| 44:27 | Flying Machine |
| 45:05 | Arcane Vault |
| 45:06 | Arcane Vault |
| 46:51 | Storm Bolt |
| 46:52 | Scroll of Regeneration |
| 47:05 | Siege Engine |
| 48:23 | Mass Teleport |
| 52:32 | Ivory Tower |
| 55:29 | Lesser Clarity Potion |
| 57:04 | Holy Light |
| 57:46 | Lesser Clarity Potion |
| 58:05 | Ivory Tower |
| 62:21 | Siege Engine |
| 63:04 | Lesser Clarity Potion |
| 63:04 | Potion of Mana |
| 70:18 | Scroll of Town Portal |
| 79:34 | Brilliance Aura |
| 85:49 | Divine Shield |
| 86:18 | Avatar |
| Right click | 5063 |
| Select group | 2964 |
| Select | 1472 |
| Misc. action | 1301 |
| Build/train/purchase | 469 |
| Use ability | 370 |
| Esc | 104 |
| Assign group | 76 |
| Resource trade | 19 |
| Item give/drop | 13 |
| Minimap ping | 6 |


| Lesser Clarity Potion | 1 | 70 |
| Scroll of Healing | 1 | 250 |
| Scroll of Town Portal | 1 | 350 |
| Potion of Lesser Invulnerability | 1 | 150 |
| total: | 4 | 820g |
| Acolyte | 14 | 1050 | / | 0 |
| Ghoul | 22 | 2640 | / | 0 |
| Crypt Fiend | 31 | 6665 | / | 1240 |
| Gargoyle | 11 | 1925 | / | 330 |
| Obsidian Statue | 1 | 200 | / | 35 |
| Frost Wyrm | 7 | 2695 | / | 840 |
| Meat Wagon | 7 | 1610 | / | 350 |
| total: | 93 | 16785g | / | 2795w |
| Nerubian Tower | 4 | 400 | / | 80 |
| Spirit Tower | 4 | 580 | / | 160 |
| Altar of Darkness | 1 | 180 | / | 50 |
| Ziggurat | 14 | 2100 | / | 700 |
| Crypt | 1 | 200 | / | 50 |
| Graveyard | 1 | 215 | / | 0 |
| Tomb of Relics | 1 | 130 | / | 30 |
| Sacrificial Pit | 1 | 75 | / | 150 |
| Slaughterhouse | 1 | 140 | / | 135 |
| Boneyard | 2 | 350 | / | 400 |
| Halls of the Dead | 1 | 320 | / | 210 |
| Black Citadel | 1 | 325 | / | 230 |
| total: | 22 | 3390g | / | 1515w |
| 0:28 | Acolyte |
| 0:41 | Altar of Darkness |
| 0:44 | Ziggurat |
| 0:47 | Crypt |
| 1:10 | Acolyte |
| 1:49 | Ghoul |
| 1:49 | Ghoul |
| 1:49 | Ghoul |
| 1:49 | Ghoul |
| 1:55 | Acolyte |
| 2:27 | Ghoul |
| 2:28 | Ghoul |
| 2:41 | Ziggurat |
| 3:22 | Cannibalize |
| 3:22 | Ghoul |
| 3:23 | Ghoul |
| 3:26 | Graveyard |
| 3:29 | Ziggurat |
| 3:35 | Frost Nova |
| 4:01 | Ghoul |
| 4:01 | Ghoul |
| 4:02 | Ghoul |
| 4:06 | Acolyte |
| 4:06 | Acolyte |
| 4:33 | Nerubian Tower |
| 4:38 | Acolyte |
| 4:38 | Acolyte |
| 5:24 | Crypt Fiend |
| 5:24 | Crypt Fiend |
| 5:26 | Unholy Armor |
| 6:22 | Halls of the Dead |
| 6:27 | Ziggurat |
| 7:34 | Creature Attack |
| 7:48 | Tomb of Relics |
| 8:25 | Dark Ritual |
| 8:43 | Frost Nova |
| 8:53 | Ghoul |
| 8:53 | Ghoul |
| 8:54 | Ghoul |
| 8:54 | Ghoul |
| 9:14 | Black Citadel |
| 9:21 | Sacrificial Pit |
| 9:24 | Slaughterhouse |
| 10:12 | Improved Creature Attack |
| 10:15 | Gargoyle |
| 10:27 | Obsidian Statue |
| 10:58 | Web |
| 11:07 | Ziggurat |
| 11:10 | Ziggurat |
| 11:15 | Ziggurat |
| 11:59 | Scroll of Healing |
| 12:07 | Spirit Tower |
| 12:08 | Spirit Tower |
| 12:18 | Boneyard |
| 12:22 | Boneyard |
| 12:38 | Gargoyle |
| 12:38 | Gargoyle |
| 13:23 | Gargoyle |
| 13:23 | Gargoyle |
| 13:23 | Gargoyle |
| 13:23 | Gargoyle |
| 13:29 | Frost Wyrm |
| 13:39 | Frost Wyrm |
| 13:41 | Frost Wyrm |
| 14:45 | Freezing Breath |
| 14:56 | Ziggurat |
| 15:09 | Frost Wyrm |
| 15:21 | Dark Ritual |
| 15:41 | Advanced Creature Attack |
| 16:06 | Spirit Tower |
| 16:21 | Frost Wyrm |
| 16:28 | Ziggurat |
| 17:44 | Creature Carapace |
| 18:36 | Crypt Fiend |
| 18:36 | Crypt Fiend |
| 18:38 | Crypt Fiend |
| 18:43 | Frost Wyrm |
| 19:15 | Death Coil |
| 20:16 | Crypt Fiend |
| 20:16 | Crypt Fiend |
| 20:28 | Acolyte |
| 20:28 | Acolyte |
| 20:32 | Acolyte |
| 20:32 | Acolyte |
| 20:32 | Acolyte |
| 21:18 | Frost Wyrm |
| 21:21 | Gargoyle |
| 21:22 | Gargoyle |
| 21:22 | Gargoyle |
| 21:22 | Gargoyle |
| 22:15 | Acolyte |
| 22:16 | Acolyte |
| 22:20 | Spirit Tower |
| 23:16 | Ziggurat |
| 24:21 | Ziggurat |
| 24:56 | Ziggurat |
| 24:59 | Ziggurat |
| 25:02 | Ziggurat |
| 26:18 | Nerubian Tower |
| 26:25 | Nerubian Tower |
| 27:18 | Nerubian Tower |
| 27:55 | Meat Wagon |
| 28:02 | Improved Creature Carapace |
| 29:44 | Meat Wagon |
| 33:42 | Crypt Fiend |
| 33:42 | Crypt Fiend |
| 33:42 | Crypt Fiend |
| 33:45 | Crypt Fiend |
| 33:46 | Crypt Fiend |
| 33:47 | Crypt Fiend |
| 34:15 | Meat Wagon |
| 38:53 | Meat Wagon |
| 38:53 | Meat Wagon |
| 39:47 | Frost Nova |
| 41:24 | Meat Wagon |
| 41:25 | Meat Wagon |
| 41:26 | Exhume Corpses |
| 44:43 | Unholy Strength |
| 44:59 | Ghoul |
| 45:01 | Ghoul |
| 45:01 | Ghoul |
| 45:02 | Ghoul |
| 45:02 | Ghoul |
| 45:02 | Ghoul |
| 45:02 | Ghoul |
| 47:19 | Crypt Fiend |
| 47:19 | Crypt Fiend |
| 47:19 | Crypt Fiend |
| 47:20 | Crypt Fiend |
| 47:20 | Crypt Fiend |
| 47:20 | Crypt Fiend |
| 47:20 | Crypt Fiend |
| 47:20 | Crypt Fiend |
| 51:36 | Crypt Fiend |
| 51:37 | Crypt Fiend |
| 51:37 | Crypt Fiend |
| 51:37 | Crypt Fiend |
| 51:37 | Crypt Fiend |
| 51:37 | Crypt Fiend |
| 51:37 | Crypt Fiend |
| 52:23 | Lesser Clarity Potion |
| 54:04 | Scroll of Town Portal |
| 57:02 | Unholy Aura |
| 57:58 | Burrow |
| 59:03 | Death and Decay |
| 67:36 | Crypt Fiend |
| 67:36 | Crypt Fiend |
| 67:36 | Crypt Fiend |
| 73:30 | Potion of Lesser Invulnerability |
| Right click | 3826 |
| Select group | 1543 |
| Select | 1041 |
| Misc. action | 162 |
| Build/train/purchase | 160 |
| Minimap ping | 78 |
| Chat | 74 |
| Use ability | 73 |
| Assign group | 55 |
| Resource trade | 15 |
| Remove unit | 8 |
| Item give/drop | 1 |